 Dungeon Crawl Stone Soup version 0.23-a0-512-g50a8178 (webtiles) character file.

8315 theanonym the Basher (level 11, -14/89 HPs)
             Began as a Mummy Warper on Dec 4, 2018.
             Was an Elder of Okawaru.
             Demolished by a death yak (17 damage)
             ... on level 9 of the Dungeon.
             The game lasted 00:14:03 (12770 turns).

theanonym the Basher (Mummy Warper)                Turns: 12770, Time: 00:14:04

Health: -14/89     AC: 25    Str: 17    XL:     11   Next: 8%
Magic:  8/15       EV:  8    Int: 13    God:    Okawaru [****..]
Gold:   309        SH:  6    Dex: 16    Spells: 15/15 levels left

rFire    . . .     SeeInvis .   u - +2 flail (protect)
rCold    + . .     Gourm    .   p - +0 buckler
rNeg     + + +     Faith    .   l - +0 plate armour
rPois    ∞         Spirit   .   g - +1 helmet
rElec    .         Reflect  .   b - +0 cloak {MR+}
rCorr    .         Harm     .   i - +1 pair of gloves
MR       ++...                  (no boots)
Stlth    ..........             (no amulet)
HPRegen  0.24/turn              c - +4 ring of dexterity
MPRegen  0.14/turn              k - ring of protection from fire

@: heroism, finesse, protection aura
A: no food or potions, fire vulnerability, cold resistance 1, negative energy
resistance 3, torment resistance, unbreathing
a: Heroism, Renounce Religion


Innate Abilities, Weirdness & Mutations

You do not eat or drink.
Your flesh is vulnerable to fire.
You are immune to poison.
Your flesh is cold resistant. (rC+)
You are immune to negative energy. (rN+++)
You are immune to unholy pain and torment.
You can survive without breathing.


   Skills:
 + Level 9.2(14.2) Fighting
 * Level 10.7(15.7) Maces & Flails
 - Level 0.7(5.7) Throwing
 - Level 0.7(5.7) Armour
 - Level 1.5(6.5) Dodging
 - Level 4.0(9.0) Shields
 - Level 2.6 Spellcasting
   Level 2.4 Translocations
 - Level 5.0 Invocations


You had 15 spell levels left.
You didn't know any spells.
Your spell library contained the following spells:

 Spells                   Type           Power        Failure   Level  Hunger
 Blink                    Tloc           N/A          99%         2    N/A
 Freeze                   Ice            #...         100%        1    N/A
 Summon Small Mammal      Summ           #...         100%        1    N/A
 Call Imp                 Summ           #.......     100%        2    N/A
 Shroud of Golubria       Chrm/Tloc      #.........   100%        2    N/A
 Throw Frost              Conj/Ice       #.....       100%        2    N/A
 Call Canine Familiar     Summ           #.......     100%        3    N/A
 Gell's Gravitas          Tloc           #.........   100%        3    N/A
 Lesser Beckoning         Tloc           #.........   100%        3    N/A
 Ozocubu's Armour         Chrm/Ice       #.......     100%        3    N/A
 Summon Guardian Golem    Hex/Summ       #.......     100%        3    N/A
 Teleport Other           Tloc           #.......     100%        3    N/A
 Passage of Golubria      Tloc           N/A          100%        4    N/A
 Summon Ice Beast         Ice/Summ       #.......     100%        4    N/A
 Summon Lightning Spire   Summ/Air       #.......     100%        4    N/A
 Throw Icicle             Conj/Ice       #.......     100%        4    N/A

Skill      XL: |  1  2  3  4  5  6  7  8  9 10 |
---------------+-------------------------------+-----
Maces & Flails | 2 3 4 5 7 9 10 | 10.7
Fighting       | 3 4 5 6 7 9 |  9.2
Invocations    | 1 2 3 5 |  5.0
Shields        | 1 3 4 |  4.0
Throwing       | |  0.7
Armour         | |  0.7
Dodging        | |  1.5
Spellcasting   | |  2.6
Translocations | |  2.4

Action                   |  1- 3 |  4- 6 |  7- 9 | 10-12 || total
-------------------------+-------+-------+-------+-------++-------
Melee: Mace              |   119 |    37 |       |       ||   156
       Flail             |       |   258 |   556 |   388 ||  1202
Throw: Tomahawk          |       |     4 |       |     1 ||     5
Invok: Heroism           |       |       |     2 |     3 ||     5
       Finesse           |       |       |       |     1 ||     1
Evoke: Wand              |       |       |     4 |     2 ||     6
  Use: Scroll            |       |    10 |     3 |     1 ||    14
 Stab: Paralysed         |       |       |     5 |     6 ||    11
       Confused          |       |       |       |     3 ||     3
Armor: Leather armour    |    12 |       |       |       ||    12
       Chain mail        |    91 |   300 |    90 |       ||   481
       Plate armour      |       |       |   321 |   261 ||   582
Dodge: Dodged            |    55 |   144 |   148 |    84 ||   431
Block: Buckler           |       |       |   102 |    99 ||   201

Inventory:

Hand Weapons
 a - a +0 flail of crushing
   (You took it off an orc on level 9 of the Dungeon)
 u - a +2 flail of protection (weapon)
   (You took it off an orc on level 8 of the Dungeon)
Missiles
 q - 12 tomahawks (quivered)
Armour
 b - a +0 cloak of magic resistance (worn)
   (You bought it in a shop on level 7 of the Dungeon)
 g - a +1 helmet (worn)
   (You found it on level 9 of the Dungeon)
 i - a +1 pair of gloves (worn)
   (You found it on level 2 of the Dungeon)
 l - a +0 plate armour (worn)
   (You found it on level 2 of the Dungeon)
 p - a +0 buckler (worn)
   (You took it off an orc on level 5 of the Dungeon)
Jewellery
 c - a +4 ring of dexterity (left hand)
   (You found it on level 4 of the Dungeon)
 d - an uncursed ring of see invisible
   (You found it on level 1 of the Dungeon)
 k - a ring of protection from fire (right hand)
   (You found it on level 2 of the Dungeon)
Wands
 j - a wand of paralysis (3)
   (You found it on level 6 of the Dungeon)
 o - a wand of iceblast (4)
   (You took it off an orc on level 5 of the Dungeon)
 s - a wand of polymorph (9)
   (You found it on level 7 of the Dungeon)
 w - a wand of flame (11)
   (You took it off a big kobold on level 8 of the Dungeon)
Scrolls
 f - 2 scrolls of fog
 h - a scroll of enchant armour
 m - a scroll of enchant weapon
 n - 5 scrolls of remove curse
 r - 2 scrolls of identify
 t - 4 scrolls of teleportation {!r}
 v - a scroll of vulnerability
 y - 3 scrolls of magic mapping
 B - 4 scrolls of blinking


You were on level 9 of the Dungeon.
You worshipped Okawaru.
Okawaru was greatly pleased with you.
You were not hungry.

You visited 1 branch of the dungeon, and saw 10 of its levels.

You collected 466 gold pieces.
You spent 157 gold pieces at shops.

Dungeon Overview and Level Annotations

Branches:
Dungeon (10/15)            Temple (0/1) D:5             Orc (0/2) D:9
   Lair: D:8-11

Altars:
Cheibriados
Elyvilon
Fedhas
Gozag
Hepliaklqana
Kikubaaqudgha
Makhleb
Okawaru
Ru
Trog
Xom

Shops:
D:6 !   D:7 [   D:9 :

Annotations:
D:8 3 runed doors, galech's ghost, novice DsFi

######## #.# # .......# #.# #
....>..#### #.# #
..........###########.# #
.####'#....)..........# #
.#....#...###########.# #
.#....#...#.........#.###########
.'....#...#.........#............
.######...#....Y@...#>...........
..........##'########............
.>...............................
.............................####
.............................#
#########......#####.........#
........#......#...#.........#
........#'######...#.........#
...................#######...#


You could see a death yak.

Notes
Turn   | Place    | Note
-------+----------+-------------------------------------------
     0 | D:1      | theanonym the Mummy Warper began the quest for the Orb.
     0 | D:1      | Reached XP level 1. HP: 16/16 MP: 4/4
   235 | D:1      | Reached skill level 2 in Maces & Flails
   313 | D:1      | Reached XP level 2. HP: 19/22 MP: 5/5
   879 | D:2      | Reached XP level 3. HP: 27/28 MP: 7/7
  1007 | D:2      | HP: 14/28 [adder (1)]
  1201 | D:2      | Reached skill level 3 in Maces & Flails
  1342 | D:2      | Reached XP level 4. HP: 34/34 MP: 8/8
  1533 | D:3      | Reached skill level 3 in Fighting
  1687 | D:3      | Noticed an ogre
  2474 | D:3      | HP: 17/35 [kobold (2)]
  2480 | D:3      | Reached XP level 5. HP: 14/41 MP: 9/9
  2732 | D:3      | Reached skill level 4 in Maces & Flails
  2744 | D:3      | HP: 21/42 [orc/+0 short sword (2)]
  3122 | D:3      | Found an iron altar of Okawaru.
  3144 | D:3      | Became a worshipper of Warmaster Okawaru
  3239 | D:4      | Found a bloodstained altar of Trog.
  3372 | D:4      | Found a burning altar of Makhleb.
  3386 | D:4      | Noticed Purgy
  3395 | D:4      | HP: 21/42 [Purgy (2)]
  3400 | D:4      | HP: 19/42 [leopard gecko (3)]
  3410 | D:4      | HP: 18/42 [orc wizard/+0 dagger (2)]
  3412 | D:4      | Reached XP level 6. HP: 21/48 MP: 10/10
  3418 | D:4      | HP: 14/48 [Purgy (1)]
  3720 | D:4      | HP: 22/48 [orc wizard/magic dart (11)]
  3726 | D:4      | Reached skill level 4 in Fighting
  3727 | D:4      | HP: 13/48 [orc/+0 hand axe (3)]
  4027 | D:4      | HP: 23/48 [Purgy (5)]
  4031 | D:4      | Killed Purgy
  4031 | D:4      | Reached skill level 1 in Invocations
  4196 | D:4      | Found a shimmering altar of Xom.
  4197 | D:4      | Found a hazy altar of Hepliaklqana.
  4198 | D:4      | Noticed a spectral ugly thing
  4227 | D:4      | Found a white marble altar of Elyvilon.
  4252 | D:4      | Found an ancient bone altar of Kikubaaqudgha.
  4438 | D:4      | Reached skill level 5 in Maces & Flails
  4512 | D:5      | Entered Level 5 of the Dungeon
  4549 | D:5      | Reached XP level 7. HP: 28/55 MP: 11/11
  4551 | D:5      | HP: 27/55 [adder (1)]
  4738 | D:5      | Found a sacrificial altar of Ru.
  4934 | D:5      | HP: 27/55 [phantom (4)]
  4939 | D:5      | Reached * piety under Okawaru
  4939 | D:5      | Reached skill level 2 in Invocations
  5317 | D:5      | HP: 24/55 [orc priest/divine providence (15)]
  5320 | D:5      | HP: 10/55 [orc priest/divine providence (14)]
  5588 | D:5      | Reached skill level 1 in Shields
  5602 | D:5      | Found a staircase to the Ecumenical Temple.
  5626 | D:5      | Reached skill level 5 in Fighting
  5775 | D:5      | Reached XP level 8. HP: 62/62 MP: 12/12
  5837 | D:5      | Reached skill level 6 in Maces & Flails
  5944 | D:5      | Got a warped ring mail
  6089 | D:6      | Reached skill level 3 in Invocations
  6141 | D:6      | Reached skill level 2 in Shields
  6152 | D:6      | HP: 31/63 [bullfrog skeleton (2)]
  6398 | D:6      | Noticed Menkaure
  6404 | D:6      | Killed Menkaure
  6499 | D:6      | Found Efufid's Distillery.
  6580 | D:6      | HP: 28/64 [ogre/cursed -3 giant club (9)]
  6768 | D:6      | Found a snail-covered altar of Cheibriados.
  6775 | D:6      | Reached ** piety under Okawaru
  6848 | D:6      | Found a blossoming altar of Fedhas.
  6857 | D:6      | Reached skill level 6 in Fighting
  6857 | D:6      | Reached skill level 7 in Maces & Flails
  6895 | D:6      | Noticed Prince Ribbit
  6909 | D:6      | HP: 25/64 [Prince Ribbit (10)]
  6954 | D:6      | HP: 21/64 [orc/+0 dagger (2)]
  6962 | D:6      | HP: 19/64 [orc wizard/magic dart (4)]
  6975 | D:6      | HP: 20/64 [orc wizard/+0 dagger of venom (2)]
  6977 | D:6      | Reached skill level 3 in Shields
  7437 | D:6      | Found a snail-covered altar of Cheibriados.
  7500 | D:6      | Found a blossoming altar of Fedhas.
  7718 | D:6      | Killed Prince Ribbit
  7718 | D:6      | Reached XP level 9. HP: 69/69 MP: 13/13
  7833 | D:6      | Found Efufid's Distillery.
  8490 | D:7      | Identified the +5 ring mail of Anaesthesia {+Blink} (You
                  | found it on level 5 of the Dungeon)
  8543 | D:7      | Found Tewup's Antique Armour Shoppe.
  8548 | D:7      | Bought a runed cloak for 157 gold pieces
  8863 | D:8      | Reached *** piety under Okawaru
  8874 | D:8      | Reached skill level 8 in Maces & Flails
  9126 | D:8      | Reached skill level 4 in Shields
  9151 | D:8      | Noticed a troll
  9167 | D:8      | Killed a troll
  9167 | D:8      | Reached skill level 7 in Fighting
  9167 | D:8      | HP: 33/72 [hound (4)]
  9793 | D:8      | Found a runed gate.
  9798 | D:8      | Found a runed gate.
  9799 | D:8      | Found a runed gate.
  9801 | D:8      | Noticed galech's ghost (novice DsFi)
  9837 | D:8      | Reached skill level 9 in Maces & Flails
 10020 | D:9      | Received a gift from Okawaru
 10020 | D:9      | Reached XP level 10. HP: 55/80 MP: 14/14
 10033 | D:9      | HP: 39/80 [orc/+0 falchion (2)]
 10044 | D:9      | HP: 30/80 [shadow imp (1)]
 10258 | D:9      | Found an opulent altar of Gozag.
 10348 | D:9      | Noticed a two-headed ogre
 10360 | D:9      | HP: 37/80 [two-headed ogre/+0 giant spiked club (11)]
 10363 | D:9      | Killed a two-headed ogre
 10363 | D:9      | Reached **** piety under Okawaru
 10363 | D:9      | Reached skill level 8 in Fighting
 10366 | D:9      | HP: 15/80 [hippogriff (5)]
 10372 | D:9      | Reached skill level 4 in Invocations
 10792 | D:9      | HP: 39/80 [hornet (3)]
 11228 | D:9      | HP: 36/82 [orc priest/divine providence (8)]
 11240 | D:9      | HP: 35/82 [killer bee (4)]
 11242 | D:9      | Reached skill level 10 in Maces & Flails
 11517 | D:9      | Reached ***** piety under Okawaru
 11517 | D:9      | Received a gift from Okawaru
 11527 | D:9      | HP: 41/82 [yak (2)]
 11532 | D:9      | HP: 34/82 [yak (1)]
 11545 | D:9      | HP: 15/82 [orc warrior/+0 trident (13)]
 11844 | D:9      | Reached skill level 5 in Invocations
 11894 | D:9      | Found a staircase to the Orcish Mines.
 12089 | D:9      | Found Zymmouce's Book Emporium.
 12105 | D:9      | Reached skill level 9 in Fighting
 12390 | D:10     | Entered Level 10 of the Dungeon
 12635 | D:10     | Reached XP level 11. HP: 86/89 MP: 15/15
 12640 | D:10     | Noticed a death yak
 12665 | D:10     | Noticed a death yak
 12665 | D:10     | Noticed a death yak
 12672 | D:10     | Killed a death yak
 12676 | D:10     | HP: 44/89 [death yak (12)]
 12708 | D:10     | HP: 29/89 [death yak (13)]
 12734 | D:9      | HP: 17/89 [death yak (17)]
 12765 | D:9      | HP: 17/89 [death yak (6)]
 12768 | D:9      | HP: 2/89 [death yak (15)]
 12770 | D:9      | Demolished by a death yak

Vanquished Creatures
  A two-headed ogre (D:9)
  A death yak (D:10)
  A troll (D:8)
  A hornet (D:9)
  Prince Ribbit (D:6)
  A hippogriff (D:9)
  5 yaks (D:9)
  A hungry ghost (D:7)
  An acid dragon (D:9)
  Menkaure (D:6)
  A soldier ant (D:9)
  A sky beast (D:5)
  A water moccasin (D:6)
  4 orc warriors
  An ice beast (D:7)
  Purgy (D:4)
  A necrophage (D:9)
  2 black bears
  2 phantoms
  7 ogres
  6 centaurs
  3 big kobolds
  6 bullfrogs
  3 scorpions
  12 killer bees
  A centaur zombie (D:9)
  4 crimson imps
  A bullfrog zombie (D:8)
  6 orc priests
  2 bullfrog skeletons (D:6)
  10 orc wizards
  5 hounds
  3 jellies
  2 centaur skeletons
  2 iguanas
  A gnoll shaman (D:5)
  4 worker ants
  2 hound skeletons
  5 gnolls
  10 adders
  A howler monkey skeleton (D:8)
  3 shadow imps
  3 oozes
  A dart slug (D:2)
  2 worms (D:2)
  2 leopard geckos
  38 orcs
  9 bats
  7 giant cockroaches
  5 goblins
  4 hobgoblins
  5 jackals
  17 kobolds
  2 quokkas
  4 frilled lizards
  A jackal skeleton (D:6)
  A quokka skeleton (D:6)
  7 rats
235 creatures vanquished.

Vanquished Creatures (others)
  A swamp drake (D:9)
  2 orcs (D:9)
3 creatures vanquished.

Grand Total: 238 creatures vanquished

Table legend:
 A = Turns spent in this place as a percentage of turns spent in the entire game.
 B = Non-inter-level travel turns spent in this place as a percentage of non-inter-level travel turns spent in the entire game.
 C = Inter-level travel turns spent in this place as a percentage of turns spent in this place.
 D = Turns resting spent in this place as a percentage of non-inter-level travel turns spent in this place.
 E = Turns spent auto-exploring this place as a percentage of non-inter-level travel turns spent in this place.
 F = Non-inter-level travel turns spent in this place divided by the number of levels of this place that you've seen.
                   A       B       C       D       E      F
               +-------+-------+-------+-------+-------+----------------------
         Total | 100.0 | 100.0 |   3.7 |  36.5 |  44.7 | 1230.0
       Dungeon | 100.0 | 100.0 |   3.7 |  36.5 |  44.7 | 1230.0
               +-------+-------+-------+-------+-------+----------------------
